 Dungeon Crawl Stone Soup version 0.28.0-53-g5a82cb258f (webtiles) character file.

Game seed: 6042504252831402119

58 Sin92 the Chiller (level 3, -1/26 HPs)
             Began as a Demonspawn Ice Elementalist on July 31, 2022.
             Was an Initiate of Sif Muna.
             Slain by an iguana (5 damage)
             ... on level 4 of the Dungeon.
             The game lasted 00:06:22 (4137 turns).

Sin92 the Chiller (Demonspawn Ice Elementalist)     Turns: 4137, Time: 00:06:22

Health: -1/26      AC:  3    Str: 10    XL:     3   Next: 75%
Magic:  5/6        EV: 12    Int: 16    God:    Sif Muna [......]
Gold:   125        SH:  0    Dex: 13    Spells: 2/6 levels left

rFire   . . .      SeeInvis .   e - +0 whip
rCold   . . .      Faith    .   (no shield)
rNeg    . . .      Spirit   .   a - +1 robe
rPois   .          Reflect  .   (helmet restricted)
rElec   .          Harm     .   (no cloak)
rCorr   .          Rampage  .   (no gloves)
Will    .....                   (no boots)
Stlth   ++........              (no amulet)
HPRegen 0.08/turn               (no ring)
MPRegen 0.10/turn               (no ring)

@: no status effects
A: horns 1
a: Renounce Religion


You were on level 4 of the Dungeon.
You worshipped Sif Muna.
Sif Muna was noncommittal.
You visited 1 branch of the dungeon, and saw 4 of its levels.

You collected 125 gold pieces.

Inventory:

Hand Weapons
 b - a +0 short sword
 c - a +0 club
 e - a +0 whip (weapon)
Missiles
 d - 5 javelins
 f - a throwing net
Armour
 a - a +1 robe (worn)
Potions
 h - a potion of flight {unknown}
 i - a potion of mutation
 j - a potion of magic
 k - a potion of haste {unknown}


   Skills:
 + Level 1.4 Fighting
 + Level 0.8 Maces & Flails
 + Level 1.2 Armour
 - Level 1.7 Dodging
 - Level 1.7 Stealth
 + Level 2.4 Spellcasting
 + Level 3.9 Ice Magic


You had 2 spell levels left.
You knew the following spells:

 Your Spells              Type           Power      Damage    Failure   Level
a - Freeze                Ice            56%        1d7       3%          1
b - Frozen Ramparts       Ice            28%        1d4       12%         3

Your spell library contained the following spells:

 Spells                   Type           Power      Damage    Failure   Level
 Ozocubu's Armour         Ice            14%        N/A       12%         3
 Hailstorm                Conj/Ice       8%         3d4       65%         4
 Malign Gateway           Summ/Tloc      0%         N/A       100%        7
 Summon Horrible Things   Summ           0%         N/A       100%        8


Dungeon Overview and Level Annotations

Branches:
Dungeon (4/15)
 Temple: D:4-7

Altars:
Gozag
Hepliaklqana
Kikubaaqudgha
Sif Muna


Innate Abilities, Weirdness & Mutations

You have a pair of small horns on your head.


Message History

You freeze the kobold.
You kill the kobold!
Sif Muna accepts your kill.
You feel sick.
You start resting.
You feel sick. x2
You are no longer poisoned.
You start resting.
Magic restored.
You start resting.
HP restored.
Welcome back, Sin92 the Demonspawn Ice Elementalist.
Sif Muna whispers: I know many secrets...
Press ? for a list of commands and other information.
Things that are here:
2 poisoned darts; a +0 short sword; a kobold corpse
k - a green potion
Found 12 arrows.
An iguana comes into view.
An iguana is nearby!
Found a chain mail.
The iguana hisses angrily.
You hit the iguana.
The iguana is lightly wounded.
The iguana bites you!
You hit the iguana but do no damage.
The iguana is lightly wounded.
The iguana bites you!
* * * LOW HITPOINT WARNING * * *
You are too injured to fight recklessly!
You are too injured to fight recklessly!
Aiming: Freeze (safe; 3% risk of failure)
Press: ? - help, Q - select action, (/) - cycle Shift-Dir - straight line, f - iguana
Aim: an iguana (lightly wounded)
You freeze the iguana!
The iguana is heavily wounded.
The iguana seems to slow down.
The iguana barely misses you.
It was a potion of cancellation.
You feel magically purged. The iguana bites you.
You die...

### #.. #.# #########
#.# ........### ##l##
#.........#####.@.####[
........#..............#
..#####.#..........#####
### #.#..###.....#
#######.#..# ##(..##
........#..########
.######..........
...........######
.####.#....#


You could see an iguana (slow).

Vanquished Creatures
  2 adders
  A worm (D:3)
  A dart slug (D:1)
  2 ball pythons (D:2)
  6 endoplasms
  3 giant cockroaches (D:3)
  3 goblins
  3 hobgoblins
  A quokka (D:2)
  5 kobolds
  5 rats
32 creatures vanquished.

Notes
Turn   | Place    | Note
-------+----------+-------------------------------------------
     0 | D:1      | Sin92 the Demonspawn Ice Elementalist began the quest for
                  | the Orb.
     0 | D:1      | Reached XP level 1. HP: 13/13 MP: 3/3
   475 | D:1      | Discovered your monstrous ancestry.
   475 | D:1      | Gained mutation: You have a pair of small horns on your
                  | head. [demonic ancestry]
   475 | D:1      | Reached XP level 2. HP: 11/20 MP: 5/5
  1063 | D:1      | Found a faded altar of an unknown god.
  2056 | D:2      | Reached skill level 1 in Fighting
  2752 | D:3      | Found a shimmering blue altar of Sif Muna.
  2756 | D:3      | Became a worshipper of Sif Muna the Loreminder
  2873 | D:3      | Reached skill level 1 in Armour
  2873 | D:3      | Reached XP level 3. HP: 26/26 MP: 2/6
  3137 | D:3      | Found an opulent altar of Gozag.
  3713 | D:4      | Found an ancient bone altar of Kikubaaqudgha.
  3840 | D:4      | Learned a level 3 spell: Frozen Ramparts
  3885 | D:4      | Found a hazy altar of Hepliaklqana.
  4137 | D:4      | Slain by an iguana

Illustrated notes

Levels and vault maps discovered:
D:1:      psy_arrival_whirlpool, layout_basic,
          hellmonk_ecumenical_altar_heavens_door,
          nicolae_concentric_dashed_squares_mild
D:2:      layout_loops_corners, grunt_decor_resistance
D:3:      layout_loops_ring, nicolae_gozag_seed_capital, marbit_many_paths
D:4:      layout_loops_ring, evilmike_ruin_ashenzari, kennysheep_mini_moat,
          mainiacjoe_overflow_catch_the_wave

Skill      XL: |  1  2 |
---------------+-------+-----
Fighting       | 1 |  1.4
Armour         | 1 |  1.2
Maces & Flails | |  0.8
Dodging        | |  1.7
Stealth        | |  1.7
Spellcasting   | |  2.4
Ice Magic      | |  3.9

Action                   || total
-------------------------++-------
Melee: Short sword       ||    26
       Unarmed           ||     4
       Club              ||    20
       Whip              ||    34
       Headbutt          ||     5
 Cast: Freeze            ||    27
  Use: Scroll            ||     6
       Potion            ||     2
 Stab: Sleeping          ||     5
Armor: Robe              ||    19
Dodge: Dodged            ||    57
